 Dungeon Crawl Stone Soup version 0.30.0-5-g1a98f26d00 (webtiles) character file.

Game seed: 8077721369813604817

310 SnakkuSnakku7 the Insei (level 6, -18/41 HPs)
             Began as a Vampire Hedge Wizard on May 9, 2023.
             Was a Believer of Dithmenos.
             Demolished by Edmund
             ... wielding a +4 heavy dire flail
              (22 damage)
             ... on level 4 of the Dungeon.
             The game lasted 00:04:24 (3166 turns).

SnakkuSnakku7 the Insei (Vampire Hedge Wizard)      Turns: 3166, Time: 00:04:25

Health: -18/41     AC:  2    Str: 12    XL:     6   Next: 18%
Magic:  0/10       EV: 12    Int: 22    God:    Dithmenos [**....]
Gold:   125        SH:  0    Dex: 13    Spells: 8/11 levels left

rFire   . . .        p - +1 short sword (speed)
rCold   . . .        (no shield)
rNeg    . . .        b - +0 robe
rPois   .            c - +0 hat
rElec   .            (no cloak)
rCorr   .            (no gloves)
SInv    +            (no boots)
Will    .....        s - amulet "Gyoxaomo" {Spirit Fly Str+3 Int+3}
Stlth   +++          w - ring of wizardry
HPRegen 0.46/turn    (no ring)
MPRegen 0.12/turn

%: guardian spirit, wizardry (x1)
@: flying, healing quickly, wreathed by umbra, invisible
A: alive, fangs 3, see invisible, vampiric 2
a: Exsanguinate, Renounce Religion, Shadow Step


You were on level 4 of the Dungeon.
You worshipped Dithmenos.
Dithmenos was pleased with you.
You visited 1 branch of the dungeon, and saw 4 of its levels.

You collected 125 gold pieces.

Inventory:

Hand Weapons
 a - a +0 dagger
 p - a +1 short sword of speed (weapon)
Armour
 b - a +0 robe (worn)
 c - a +0 hat (worn)
Jewellery
 s - the amulet "Gyoxaomo" (around neck) {Spirit Fly Str+3 Int+3}
   (You found it on level 2 of the Dungeon)

   [amulet of guardian spirit]

   It causes incoming damage to be divided between your reserves of health and
   magic.
   Str:       It affects your strength (+3).
   Int:       It affects your intelligence (+3).
   Fly:       It grants you flight.
 w - a ring of wizardry (left hand)
Scrolls
 g - 3 scrolls of identify {unknown}
 h - 3 scrolls of fog {unknown}
 i - a scroll of enchant weapon {unknown}
 j - 3 scrolls of poison {unknown}
 k - a scroll of blinking {unknown}
 l - a scroll of noise {unknown}
 m - a scroll of amnesia {unknown}
 q - a scroll of summoning {unknown}
 x - a scroll of torment {unknown}
Potions
 d - 3 potions of magic
 e - 2 potions of curing {unknown}
 f - 2 potions of invisibility
 n - 2 potions of brilliance {unknown}
 o - a potion of cancellation {unknown}
 r - 3 potions of haste {unknown}
 t - a potion of lignification {unknown}
 u - a potion of mutation {unknown}
 v - a potion of heal wounds {unknown}


   Skills:
 - Level 3.6 Short Blades
 - Level 2.1 Dodging
 - Level 3.0 Stealth
 + Level 3.9 Unarmed Combat
 - Level 3.0 Spellcasting
 - Level 0.6 Conjurations
 - Level 3.5 Summonings
 - Level 0.7 Translocations


You had 8 spell levels left.
You knew the following spells:

 Your Spells              Type           Power      Damage    Failure   Level
a - Magic Dart            Conj           20%        1d4       4%          1
b - Call Imp              Summ           36%        N/A       1%          2

Your spell library contained the following spells:

 Spells                   Type           Power      Damage    Failure   Level
 Summon Small Mammal      Summ           72%        N/A       1%          1
 Call Canine Familiar     Summ           18%        N/A       3%          3
 Slow                     Hex            12%        N/A       4%          1
 Blink                    Tloc           12%        N/A       6%          2
 Static Discharge         Conj/Air       8%         2-3/arc   7%          2
 Cigotuvi's Dreadful Rot  Necr/Pois/Air  6%         N/A       8%          2
 Summon Guardian Golem    Hex/Summ       11%        N/A       8%          3
 Dazzling Flash           Conj/Hex       8%         N/A       13%         3
 Volatile Blastmotes      Fire/Tloc      8%         2d10      13%         3
 Mephitic Cloud           Conj/Pois/Air  4%         N/A       14%         3
 Summon Lightning Spire   Summ/Air       11%        N/A       24%         4
 Iskenderun's Mystic Bla  Conj/Tloc      6%         2d4       34%         4
 Airstrike                Air            1%         2d(1-17)  43%         4
 Starburst                Conj/Fire      2%         6d3       99%         6
 Storm Form               Tmut/Air       1%         N/A       100%        7
 Maxwell's Capacitive Co  Air            1%         ∞         100%        8


Dungeon Overview and Level Annotations

Branches:
Dungeon (4/15)             Temple (0/1) D:4

Altars:
Dithmenos
Qazlal
Uskayaw

Annotations:
D:4 Edmund


Innate Abilities, Weirdness & Mutations

Your natural rate of healing is accelerated.
You have razor-sharp teeth.
You have supernaturally acute eyesight. (SInv)
You are afflicted with vampirism and can become a bat while bloodless.


Message History

You swap places.
Edmund the Younger comes into view.
He is wielding a +4 heavy dire flail.
Edmund shouts!
Edmund moves out of view.
Your cerulean imp hits Edmund but does no damage.
Your cerulean imp hits Edmund but does no damage.
You see here a +0 robe of resistance.
You barely miss Edmund.
Your cerulean imp hits Edmund but does no damage.
You hit Edmund but do no damage.
Edmund hits you with a +4 heavy dire flail!
You hit Edmund but do no damage.
Your cerulean imp hits Edmund but does no damage.
You hit Edmund.
Edmund is lightly wounded.
Edmund hits you with a +4 heavy dire flail.
You hit Edmund. You punch Edmund.
Edmund is lightly wounded.
Your cerulean imp hits Edmund from afar with a -3 spear.
Your cerulean imp hits Edmund from afar with a -3 spear.
Edmund hits you with a +4 heavy dire flail!
Your cerulean imp closely misses Edmund.
Your cerulean imp hits Edmund but does no damage.
Edmund attacks as you move away!
Edmund hits you with a +4 heavy dire flail!!
* * * LOW HITPOINT WARNING * * *
Your cerulean imp hits Edmund but does no damage.
Okay, then.
Okay, then.
Your cerulean imp barely misses Edmund.
Edmund says, "You wouldn't believe how much I paid for this flail."
Your cerulean imp hits Edmund but does no damage.
You aren't carrying any items that you can evoke.
Unknown command.
It was a potion of invisibility.
You fade into invisibility!
Your cerulean imp barely misses Edmund.
Edmund hits you with a +4 heavy dire flail!!
Ouch! That really hurt!
You die...

..#.......................##.....
.###...>.........................
.#.......################........
.......#.#... .....# #P..##...
.......#.#... .... #PP......
.#...#...#..######.### P.......
.#...#...#.........#[## ###......
..##.....##..5........#...#......
...#.....#[....@@....)....#......
.....#...#######..#########.#....
.#...............................
.#...#..#........##.#......#.....
.#....#.###.....###........#...#.
......#..##..##.# #..###.........
........##...##.####.##..........
###.............#.##.#...#.....##
.##...###..............<.#......#


You could see Edmund (unable to see you, ally target) and a friendly cerulean
imp (summoned).

Vanquished Creatures
  Sigmund (D:4)
  An iguana (D:4)
  5 adders
  2 dart slugs (D:1)
  5 endoplasms
  7 giant cockroaches
  6 goblins
  7 hobgoblins
  2 quokkas
  7 ball pythons
  5 bats
  3 frilled lizards
  5 kobolds
  5 rats
61 creatures vanquished.

Vanquished Creatures (collateral kills)
  An adder (D:2)
  A goblin (D:2)
  A quokka (D:2)
  A kobold (D:2)
4 creatures vanquished.

Grand Total: 65 creatures vanquished

Notes
Turn   | Place    | Note
-------+----------+-------------------------------------------
     0 | D:1      | SnakkuSnakku7 the Vampire Hedge Wizard began the quest for
                  | the Orb.
     0 | D:1      | Reached XP level 1. HP: 13/13 MP: 4/4
   136 | D:1      | Reached skill level 1 in Short Blades
   136 | D:1      | Reached XP level 2. HP: 19/19 MP: 6/6
   354 | D:1      | Found a faded altar of an unknown god.
   379 | D:1      | Learned a level 2 spell: Call Imp
   440 | D:1      | Prayed at the altar of an unknown god.
   440 | D:1      | Became a worshipper of Dithmenos the Shadowed
   440 | D:1      | Reached * piety under Dithmenos
   611 | D:1      | Gained mutation: You are afflicted with vampirism and can
                  | become a bat while bloodless. [Vampire growth]
   611 | D:1      | Reached XP level 3. HP: 24/24 MP: 7/7
  1224 | D:2      | Found a stormy altar of Qazlal.
  1771 | D:2      | Reached XP level 4. HP: 30/30 MP: 8/8
  1775 | D:2      | Reached ** piety under Dithmenos
  1831 | D:2      | Identified the amulet "Gyoxaomo" {Spirit Fly Str+3 Int+3}
  2763 | D:4      | Found a hide-covered altar of Uskayaw.
  2939 | D:4      | Reached XP level 5. HP: 11/35 MP: 3/9
  2990 | D:4      | Found a staircase to the Ecumenical Temple.
  3129 | D:4      | Noticed Sigmund
  3142 | D:4      | Killed Sigmund
  3143 | D:4      | Reached XP level 6. HP: 41/41 MP: 7/10
  3151 | D:4      | Noticed Edmund
  3163 | D:4      | HP: 2/41 [Edmund/+4 heavy dire flail (20)]
  3166 | D:4      | Demolished by Edmund

Illustrated notes

Levels and vault maps discovered:
D:1:      sevenhm_arrival_forest_fort_large_2, layout_basic,
          hellmonk_ecumenical_altar_blasted
D:2:      layout_basic, basic_altar, minmay_misc_feat_doors
D:3:      layout_basic, minmay_misc_feat_plants
D:4:      layout_cave_pools, nicolae_uskayaw_murder_on_the_dancefloor,
          temple_hall, sigmund_edmund_badplayer

Skill      XL: |  1  2  3  4  5 |
---------------+----------------+-----
Short Blades   | 1 2 3 |  3.6
Summonings     | 2 3 |  3.5
Unarmed Combat | 3 |  3.9
Dodging        | |  2.1
Stealth        | |  3.0
Spellcasting   | |  3.0
Conjurations   | |  0.6
Translocations | |  0.7

Action                     |  1- 3 |  4- 6 || total
---------------------------+-------+-------++-------
  Melee: Dagger            |   179 |       ||   179
         Bite              |    15 |    10 ||    25
         Short sword       |     1 |    88 ||    89
         Punch             |     1 |     1 ||     2
   Cast: Call Imp          |     4 |     2 ||     6
    Use: Potion            |       |     1 ||     1
   Stab: Sleeping          |     9 |     6 ||    15
 Armour: Robe              |    27 |     4 ||    31
  Dodge: Dodged            |   111 |    38 ||   149
